[ AOE2 MATCH · #505732704 ]
UnrankedGeorgians vs Teutons
Player's team · LOSS
Rival team · WIN
[ REPLAY ANALYSIS · EXTRACTED FROM THE RECORDED GAME ]
Feudal
10:36
Castle
17:46
Imperial
35:44
| APM avg | 50.6 |
| APM peak | 76 |
| eAPM avg | 28.0 |
| Villagers / military | 155 / 101 |
Focus
⚔️ 22.5% · 🌾 77.5%
Scout Cavalry ×49 · Hand Cannoneer ×20 · Monaspa ×16 · Mangonel ×8 · Trebuchet (Packed) ×7 · Battering Ram ×1
Feudal
8:31
Castle
21:20
Imperial
32:14
| APM avg | 41.0 |
| APM peak | 78 |
| eAPM avg | 27.4 |
| Villagers / military | 110 / 38 |
Focus
⚔️ 26.4% · 🌾 73.6%
Teutonic Knight ×16 · Trebuchet (Packed) ×8 · Monk ×5 · Mangonel ×5 · Bombard Cannon ×4
Match map
Initial resources + every placement click. Lines = walls · curves = elevation contours. ◆ gold · ⬟ stone · ● berries · ✦ relic · ◌ wall gap
Your base· ✓ Closed at 17:46 · 80t walls · 2 gate(s)
El coun's base· ✓ Closed at 21:20 · 0t walls · 2 gate(s)
Smoothed initial terrain · ◌ = detected wall gap · hover for details
Inputs per minute
— kami al-farsi - - El coun
Build order — kami al-farsi
First 150 of 434 actions detected
| 0:01 | Queue | Villager (Male) |
| 0:01 | Queue | Villager (Male) |
| 0:01 | Queue | Villager (Male) |
| 0:02 | Queue | Villager (Male) |
| 0:03 | Build | House |
| 0:04 | Build | House |
| 1:28 | Queue | Villager (Male) |
| 2:04 | Queue | Villager (Male) |
| 2:20 | Queue | Villager (Male) |
| 2:45 | Build | House |
| 2:46 | Build | House |
| 2:47 | Build | House |
| 2:53 | Queue | Villager (Male) |
| 3:11 | Queue | Villager (Male) |
| 3:40 | Build | House |
| 3:45 | Queue | Villager (Male) |
| 4:13 | Queue | Villager (Male) |
| 4:13 | Queue | Villager (Male) |
| 4:14 | Queue | Villager (Male) |
| 4:26 | Build | Mill |
| 5:02 | Queue | Villager (Male) |
| 5:02 | Queue | Villager (Male) |
| 5:04 | Queue | Villager (Male) |
| 5:33 | Build | Farm |
| 5:34 | Queue | Villager (Male) |
| 5:35 | Queue | Villager (Male) |
| 5:44 | Queue | Villager (Male) |
| 6:04 | Queue | Villager (Male) |
| 6:18 | Queue | Villager (Male) |
| 7:01 | Queue | Villager (Male) |
| 7:01 | Queue | Villager (Male) |
| 7:01 | Queue | Villager (Male) |
| 7:01 | Queue | Villager (Male) |
| 7:04 | Queue | Villager (Male) |
| 7:10 | Queue | Villager (Male) |
| 7:32 | Build | Mule Cart |
| 7:50 | Research | Feudal Age |
| 8:31 | Queue | Villager (Male) |
| 8:31 | Queue | Villager (Male) |
| 8:36 | Research | Loom |
| 8:42 | Build | Mule Cart |
| 8:56 | Build | Palisade Wall |
| 9:02 | Build | Palisade Wall |
| 9:12 | Build | Palisade Wall |
| 9:14 | Build | Palisade Wall |
| 9:24 | Build | Palisade Wall |
| 9:26 | Build | Palisade Wall |
| 9:28 | Build | Palisade Wall |
| 9:35 | Queue | Villager (Male) |
| 9:42 | Build | Palisade Wall |
| 9:43 | Build | Palisade Wall |
| 9:44 | Build | Palisade Wall |
| 9:45 | Build | Palisade Wall |
| 9:45 | Build | Palisade Wall |
| 9:46 | Build | Palisade Wall |
| 9:47 | Build | Palisade Wall |
| 9:49 | Build | Palisade Wall |
| 9:49 | Build | Palisade Wall |
| 9:50 | Build | Palisade Wall |
| 9:50 | Build | Palisade Wall |
| 9:51 | Build | Palisade Wall |
| 9:51 | Build | Palisade Wall |
| 9:51 | Build | Palisade Wall |
| 9:59 | Build | Palisade Wall |
| 10:03 | Build | Palisade Wall |
| 10:07 | Build | Palisade Wall |
| 10:33 | Build | Palisade Wall |
| 10:33 | Build | Palisade Wall |
| 10:35 | Build | Palisade Wall |
| 10:36 | Age | Feudal Age |
| 10:38 | Queue | Villager (Male) |
| 10:52 | Build | Palisade Wall |
| 10:54 | Build | Stone Wall |
| 10:57 | Build | Stone Wall |
| 11:08 | Build | Stone Wall |
| 11:09 | Queue | Villager (Male) |
| 11:11 | Build | Palisade Wall |
| 11:14 | Build | Stone Wall |
| 11:16 | Build | Stone Wall |
| 11:17 | Build | Stone Wall |
| 11:33 | Build | Watch Tower |
| 11:38 | Build | Farm |
| 11:38 | Queue | Villager (Male) |
| 11:48 | Build | Stone Wall |
| 11:56 | Build | Stone Wall |
| 12:18 | Build | Stone Wall |
| 12:19 | Queue | Villager (Male) |
| 12:48 | Build | House |
| 12:49 | Build | House |
| 13:13 | Build | Market |
| 13:21 | Build | House |
| 13:25 | Queue | Villager (Male) |
| 13:37 | Build | House |
| 13:40 | Build | House |
| 14:01 | Build | House |
| 14:32 | Build | Blacksmith |
| 14:35 | Queue | Villager (Male) |
| 14:59 | Build | House |
| 15:06 | Research | Castle Age |
| 15:21 | Build | Farm |
| 15:29 | Research | Double-Bit Axe |
| 15:33 | Build | House |
| 15:44 | Build | House |
| 16:01 | Build | Farm |
| 16:26 | Research | Horse Collar |
| 16:30 | Build | House |
| 16:34 | Build | House |
| 17:06 | Build | House |
| 17:07 | Build | House |
| 17:26 | Build | Farm |
| 17:30 | Build | Farm |
| 17:33 | Build | Farm |
| 17:39 | Build | Farm |
| 17:41 | Build | Farm |
| 17:46 | Age | Castle Age |
| 17:46 | Queue | Villager (Male) |
| 17:55 | Build | Siege Workshop |
| 18:01 | Queue | Villager (Male) |
| 18:13 | Queue | Villager (Male) |
| 18:25 | Build | Town Center |
| 18:35 | Queue | Villager (Male) |
| 19:01 | Queue | Mangonel |
| 19:02 | Queue | Villager (Male) |
| 19:07 | Build | House |
| 19:27 | Queue | Villager (Male) |
| 19:28 | Build | Farm |
| 19:31 | Build | Farm |
| 19:41 | Queue | Mangonel |
| 19:45 | Queue | Villager (Male) |
| 20:13 | Queue | Villager (Male) |
| 20:27 | Build | House |
| 20:28 | Queue | Villager (Male) |
| 20:28 | Queue | Villager (Male) |
| 20:41 | Queue | Mangonel |
| 20:49 | Queue | Villager (Male) |
| 21:19 | Queue | Villager (Male) |
| 21:26 | Build | Farm |
| 21:26 | Build | Farm |
| 21:40 | Queue | Villager (Male) |
| 21:47 | Build | Town Center |
| 21:53 | Build | Farm |
| 21:54 | Build | Farm |
| 22:09 | Queue | Villager (Male) |
| 22:18 | Queue | Mangonel |
| 22:23 | Queue | Villager (Male) |
| 22:48 | Queue | Villager (Male) |
| 22:50 | Queue | Villager (Male) |
| 23:20 | Build | Mule Cart |
| 23:21 | Queue | Villager (Male) |
| 23:28 | Queue | Mangonel |
Build order — El coun
First 150 of 277 actions detected
| 0:02 | Queue | Villager (Male) |
| 0:02 | Queue | Villager (Male) |
| 0:02 | Queue | Villager (Male) |
| 0:02 | Queue | Villager (Male) |
| 0:04 | Build | House |
| 0:04 | Build | House |
| 1:39 | Queue | Villager (Male) |
| 2:01 | Queue | Villager (Male) |
| 2:28 | Queue | Villager (Male) |
| 2:28 | Queue | Villager (Male) |
| 2:28 | Queue | Villager (Male) |
| 2:34 | Build | Lumber Camp |
| 2:42 | Build | House |
| 3:03 | Queue | Villager (Male) |
| 3:03 | Queue | Villager (Male) |
| 3:49 | Queue | Villager (Male) |
| 4:06 | Queue | Villager (Male) |
| 4:13 | Queue | Villager (Male) |
| 4:13 | Queue | Villager (Male) |
| 4:57 | Build | Mining Camp |
| 5:37 | Queue | Villager (Male) |
| 6:21 | Research | Feudal Age |
| 6:21 | Research | Feudal Age |
| 6:36 | Research | Loom |
| 6:42 | Queue | Villager (Male) |
| 6:42 | Research | Loom |
| 7:10 | Build | House |
| 8:31 | Queue | Villager (Male) |
| 8:31 | Age | Feudal Age |
| 8:36 | Build | Watch Tower |
| 8:47 | Research | Double-Bit Axe |
| 9:02 | Build | Mill |
| 9:07 | Queue | Villager (Male) |
| 10:03 | Queue | Villager (Male) |
| 10:12 | Build | Mill |
| 10:44 | Build | Watch Tower |
| 10:52 | Queue | Villager (Male) |
| 11:06 | Queue | Villager (Male) |
| 11:41 | Queue | Villager (Male) |
| 11:42 | Queue | Villager (Male) |
| 11:42 | Queue | Villager (Male) |
| 11:44 | Build | House |
| 11:48 | Research | Town Watch |
| 12:22 | Queue | Villager (Male) |
| 12:22 | Queue | Villager (Male) |
| 12:31 | Build | Watch Tower |
| 12:43 | Queue | Villager (Male) |
| 12:43 | Queue | Villager (Male) |
| 12:58 | Queue | Villager (Male) |
| 13:32 | Queue | Villager (Male) |
| 13:32 | Queue | Villager (Male) |
| 13:41 | Build | House |
| 13:47 | Build | Watch Tower |
| 14:06 | Queue | Villager (Male) |
| 14:07 | Queue | Villager (Male) |
| 14:10 | Build | Mining Camp |
| 14:30 | Queue | Villager (Male) |
| 14:30 | Queue | Villager (Male) |
| 14:52 | Queue | Villager (Male) |
| 14:52 | Queue | Villager (Male) |
| 15:31 | Queue | Villager (Male) |
| 15:33 | Build | Blacksmith |
| 16:09 | Build | Mining Camp |
| 16:13 | Build | House |
| 16:26 | Build | Farm |
| 16:26 | Build | Farm |
| 16:26 | Build | Farm |
| 16:26 | Build | Farm |
| 16:27 | Build | Farm |
| 16:27 | Build | Farm |
| 16:27 | Build | Farm |
| 17:16 | Queue | Villager (Male) |
| 17:22 | Build | Market |
| 17:35 | Research | Fletching |
| 17:42 | Queue | Villager (Male) |
| 17:44 | Build | House |
| 18:07 | Queue | Villager (Male) |
| 18:40 | Research | Castle Age |
| 18:57 | Research | Horse Collar |
| 19:15 | Build | Watch Tower |
| 19:26 | Build | Farm |
| 19:26 | Build | Farm |
| 19:26 | Build | Farm |
| 19:26 | Build | Farm |
| 19:27 | Build | Farm |
| 19:27 | Build | Farm |
| 19:27 | Build | Farm |
| 19:34 | Build | Farm |
| 19:34 | Build | Farm |
| 19:35 | Build | Farm |
| 19:35 | Build | Farm |
| 19:35 | Build | Farm |
| 19:35 | Build | Farm |
| 19:35 | Build | Farm |
| 19:40 | Build | Farm |
| 20:09 | Research | Fletching |
| 20:16 | Build | Farm |
| 20:17 | Build | Farm |
| 20:17 | Build | Farm |
| 20:17 | Build | Farm |
| 20:17 | Build | Farm |
| 20:18 | Build | Farm |
| 20:33 | Queue | Villager (Male) |
| 21:20 | Age | Castle Age |
| 21:27 | Research | Bodkin Arrow |
| 21:28 | Research | Bodkin Arrow |
| 21:40 | Build | Siege Workshop |
| 21:44 | Queue | Villager (Male) |
| 21:51 | Build | Farm |
| 22:09 | Queue | Mangonel |
| 22:17 | Queue | Villager (Male) |
| 22:17 | Queue | Villager (Male) |
| 22:21 | Build | House |
| 23:24 | Queue | Villager (Male) |
| 23:24 | Queue | Villager (Male) |
| 23:28 | Build | Farm |
| 23:29 | Build | Farm |
| 23:29 | Queue | Villager (Male) |
| 23:32 | Build | Lumber Camp |
| 23:34 | Queue | Villager (Male) |
| 23:34 | Queue | Villager (Male) |
| 23:35 | Queue | Villager (Male) |
| 23:48 | Queue | Mangonel |
| 25:04 | Queue | Villager (Male) |
| 25:04 | Queue | Villager (Male) |
| 25:04 | Queue | Villager (Male) |
| 25:33 | Queue | Mangonel |
| 25:51 | Build | Farm |
| 25:52 | Queue | Villager (Male) |
| 25:53 | Queue | Villager (Male) |
| 26:17 | Build | Castle |
| 26:47 | Queue | Villager (Male) |
| 26:48 | Queue | Villager (Male) |
| 26:48 | Queue | Villager (Male) |
| 26:50 | Build | University |
| 26:56 | Queue | Mangonel |
| 27:32 | Build | Castle |
| 29:04 | Research | Imperial Age |
| 29:32 | Build | Town Center |
| 29:45 | Research | Guard Tower (upgrade) |
| 30:50 | Build | Castle |
| 30:58 | Queue | Mangonel |
| 31:08 | Research | Gold Mining |
| 31:15 | Research | Bow Saw |
| 31:18 | Queue | Villager (Male) |
| 31:18 | Queue | Villager (Male) |
| 31:18 | Queue | Villager (Male) |
| 32:14 | Age | Imperial Age |
| 32:26 | Queue | Villager (Male) |
| 32:35 | Research | Chemistry |
Match timeline
| 8:31 | El coun · age_up feudal |
| 8:56 | kami al-farsi · wall_segment Palisade Wall x8 |
| 9:02 | kami al-farsi · wall_segment Palisade Wall x5 |
| 9:12 | kami al-farsi · wall_segment Palisade Wall x4 |
| 9:14 | kami al-farsi · wall_segment Palisade Wall x3 |
| 9:24 | kami al-farsi · wall_segment Palisade Wall x1 |
| 9:26 | kami al-farsi · wall_segment Palisade Wall x5 |
| 9:28 | kami al-farsi · wall_segment Palisade Wall x1 |
| 9:42 | kami al-farsi · wall_segment Palisade Wall x1 |
| 9:43 | kami al-farsi · wall_segment Palisade Wall x1 |
| 9:44 | kami al-farsi · wall_segment Palisade Wall x5 |
| 9:45 | kami al-farsi · wall_segment Palisade Wall x2 |
| 9:45 | kami al-farsi · wall_segment Palisade Wall x1 |
| 9:46 | kami al-farsi · wall_segment Palisade Wall x2 |
| 9:47 | kami al-farsi · wall_segment Palisade Wall x1 |
| 9:49 | kami al-farsi · wall_segment Palisade Wall x5 |
| 9:49 | kami al-farsi · wall_segment Palisade Wall x2 |
| 9:50 | kami al-farsi · wall_segment Palisade Wall x1 |
| 9:50 | kami al-farsi · wall_segment Palisade Wall x1 |
| 9:51 | kami al-farsi · wall_segment Palisade Wall x2 |
| 9:51 | kami al-farsi · wall_segment Palisade Wall x1 |
| 9:51 | kami al-farsi · wall_segment Palisade Wall x1 |
| 9:59 | kami al-farsi · wall_segment Palisade Wall x4 |
| 10:03 | kami al-farsi · wall_segment Palisade Wall x5 |
| 10:07 | kami al-farsi · wall_segment Palisade Wall x1 |
| 10:33 | kami al-farsi · wall_segment Palisade Wall x3 |
| 10:33 | kami al-farsi · wall_segment Palisade Wall x1 |
| 10:35 | kami al-farsi · wall_segment Palisade Wall x1 |
| 10:36 | kami al-farsi · age_up feudal |
| 10:52 | kami al-farsi · wall_segment Palisade Wall x2 |
| 10:54 | kami al-farsi · wall_segment Stone Wall x5 |
| 10:57 | kami al-farsi · wall_segment Stone Wall x1 |
| 11:08 | kami al-farsi · wall_segment Stone Wall x5 |
| 11:11 | kami al-farsi · wall_segment Palisade Wall x1 |
| 11:14 | kami al-farsi · wall_segment Stone Wall x1 |
| 11:16 | kami al-farsi · wall_segment Stone Wall x1 |
| 11:17 | kami al-farsi · wall_segment Stone Wall x1 |
| 11:48 | kami al-farsi · wall_segment Stone Wall x12 |
| 11:56 | kami al-farsi · wall_segment Stone Wall x1 |
| 12:18 | kami al-farsi · wall_segment Stone Wall x1 |
| 14:05 | kami al-farsi · first_market_sell 500 stone |
| 14:06 | kami al-farsi · first_market_buy 100 wood |
| 17:46 | kami al-farsi · age_up castle |
| 17:55 | kami al-farsi · first_building Siege Workshop |
| 18:04 | El coun · first_market_buy 500 food |
| 18:14 | El coun · first_market_sell 100 stone |
| 21:20 | El coun · age_up castle |
| 21:40 | El coun · first_building Siege Workshop |
| 26:17 | El coun · first_building Castle |
| 27:39 | kami al-farsi · first_building Monastery |
| 31:22 | kami al-farsi · first_building Castle |
| 32:14 | El coun · age_up imperial |
| 32:55 | kami al-farsi · first_building Barracks |
| 33:44 | kami al-farsi · first_building Stable |
| 34:19 | El coun · first_building Barracks |
| 35:38 | El coun · first_building Monastery |
| 35:44 | kami al-farsi · age_up imperial |
| 41:48 | kami al-farsi · wall_segment Stone Wall x1 |
| 42:22 | kami al-farsi · first_building Archery Range |
| 47:06 | kami al-farsi · resign |
[ AI ANALYSIS · 1 CREDIT ]
What really happened in this match?
Wolo.gg analyzes every decision: build order, eco, micro, common mistakes by bracket. Personalized analysis on WhatsApp or Discord in 30 seconds.
Civ guide
Georgians
Perfil
Jugador #696992